[Event "Titled Tuesday Blitz January 10 Early 2023"]
[White "Necula, Iulian"]
[Black "Hartikainen, Jarmo"]
[WhiteFideId "1232380"]
[BlackFideId "503134"]
[WhiteElo "1851"]
[BlackElo "2108"]
[Result "0-1"]
[Round "10"]
[TimeControl "180+2"]
[Date "2023.01.10"]
[WhiteClock "0:00:01"]
[BlackClock "0:00:16"]

1. d4 Nf6 2. Nc3 e6 3. Bf4 d5 4. Nb5 Na6 5. e3 c6 6. Nc3 Qa5 7. Bd3 Bb4 8. Ne2 Ne4 9. Bxe4 dxe4 10. O-O f5 11. a3 Be7 12. b4 Qd8 13. f3 exf3 14. Rxf3 O-O 15. Rh3 Bf6 16. Ng3 g6 17. Bh6 Rf7 18. Nce2 Nc7 19. Nf4 Nd5 20. Nfh5 gxh5 21. Nxh5 Bd7 22. c4 Nc3 23. Qf3 Ne4 24. Rd1 Kh8 25. d5 Qg8 26. Nf4 exd5 27. cxd5 cxd5 28. Nxd5 Ng5 29. Bxg5 Bxg5 30. Rg3 Bc6 31. Qh5 Rg7 32. Nc7 Rd8 33. Ne6 Rxd1+ 34. Kf2 Rd2+ 35. Ke1 Qxe6 36. Kxd2 Qd5+ 37. Ke2 Bb5+ 38. Kf2 Qd2+ 39. Kf3 Qd1+ 40. Kf2 Qxh5 0-1


[Site "https://www.chess.com"]

[Event "Titled Tuesday Blitz January 10 Early 2023"]
[White "Kuchava, Ana"]
[Black "Lutz, Igor Oscar"]
[WhiteFideId "13605348"]
[BlackFideId "2110806"]
[WhiteElo "2101"]
[BlackElo "1969"]
[Result "1-0"]
[Round "10"]
[TimeControl "180+2"]
[Date "2023.01.10"]
[WhiteClock "0:01:03"]
[BlackClock "0:00:03"]

1. d4 d5 2. Nf3 Nf6 3. c4 e6 4. Nc3 c6 5. e3 Bd6 6. Bd3 dxc4 7. Bxc4 b5 8. Bd3 Bb7 9. O-O Nbd7 10. a3 a5 11. e4 e5 12. Qe2 O-O 13. Bg5 b4 14. axb4 axb4 15. Na4 h6 16. Bh4 exd4 17. Nxd4 c5 18. Nf5 Be5 19. f4 Qc7 20. fxe5 Nxe5 21. Bxf6 gxf6 22. Nxh6+ Kg7 23. Nf5+ Kg8 24. Qe3 Ng4 25. Nh6+ Nxh6 26. Qxh6 c4 27. e5 f5 28. Bxf5 1-0


[Site "https://www.chess.com"]

[Event "Titled Tuesday Blitz January 10 Early 2023"]
[White "Mohammadian, Mohammad"]
[Black "Guevara Sanchez, Erick Marvin"]
[WhiteFideId "12566055"]
[BlackFideId "6700136"]
[WhiteElo "1398"]
[BlackElo "2073"]
[Result "0-1"]
[Round "10"]
[TimeControl "180+2"]
[Date "2023.01.10"]
[WhiteClock "0:00:03"]
[BlackClock "0:00:55"]

1. e4 e6 2. d4 d5 3. Nd2 Nf6 4. e5 Nfd7 5. Bd3 c5 6. c3 Nc6 7. Ne2 Qb6 8. Nf3 Be7 9. O-O O-O 10. Rb1 cxd4 11. cxd4 Nb4 12. a3 Nxd3 13. Qxd3 Rd8 14. Bd2 Nf8 15. Rfc1 Bd7 16. Nc3 Rac8 17. Qe2 Ng6 18. h3 Be8 19. Be3 a6 20. Rc2 Rc7 21. Rbc1 Rdc8 22. Ne1 Qb3 23. g3 h6 24. g4 Bxa3 25. bxa3 Rxc3 26. Rxc3 Rxc3 27. Rxc3 Qxc3 28. Nc2 Bb5 29. Qd2 Qc4 30. Kg2 Qf1+ 31. Kg3 Qg1+ 32. Kf3 Bf1 33. Ne1 Qh1+ 0-1


[Site "https://www.chess.com"]

[Event "Titled Tuesday Blitz January 10 Early 2023"]
[White "Dilmukhametov, Artur"]
[Black "Buraczewski, Rafal"]
[WhiteFideId "24179922"]
[BlackFideId "1155245"]
[WhiteElo "2276"]
[BlackElo "2123"]
[Result "0-1"]
[Round "10"]
[TimeControl "180+2"]
[Date "2023.01.10"]
[WhiteClock "0:01:49"]
[BlackClock "0:00:54"]

1. d4 e6 2. Nc3 Nf6 3. Nf3 d5 4. Bf4 Be7 5. e3 O-O 6. Bd3 b6 7. O-O Bb7 8. Ne5 a6 9. Ne2 Nbd7 10. c3 c5 11. b3 Rc8 12. c4 cxd4 13. exd4 Nxe5 14. Bxe5 dxc4 15. bxc4 Bd6 16. Bxd6 Qxd6 17. c5 bxc5 18. dxc5 Qxc5 19. Rc1 Qd5 20. f3 Rxc1 21. Be4 Qxd1 22. Rxd1 Rxd1+ 23. Kf2 Nxe4+ 0-1


[Site "https://www.chess.com"]

[Event "Titled Tuesday Blitz January 10 Early 2023"]
[White "Michalski, Olaf"]
[Black "Souza, Gustavo Horokoski De"]
[WhiteFideId "1106740"]
[BlackFideId "2146584"]
[WhiteElo "2273"]
[BlackElo "1943"]
[Result "0-1"]
[Round "10"]
[TimeControl "180+2"]
[Date "2023.01.10"]
[WhiteClock "0:00:13"]
[BlackClock "0:00:26"]

1. d4 Nf6 2. c4 c5 3. d5 e6 4. Nc3 exd5 5. cxd5 d6 6. Nf3 g6 7. Nd2 Bg7 8. Nc4 O-O 9. Bf4 Nbd7 10. Nxd6 Nh5 11. Bd2 Ndf6 12. Nxc8 Rxc8 13. g4 Nxg4 14. Bg2 Bxc3 15. bxc3 Re8 16. h3 Ngf6 17. c4 Ne4 18. Bf3 Qf6 19. Be3 Nxf2 20. Bxf2 Qxf3 21. e3 Qxh1+ 22. Ke2 0-1


[Site "https://www.chess.com"]

[Event "Titled Tuesday Blitz January 10 Early 2023"]
[White "Tarnowska, Aleksandra"]
[Black "Vargas, Mauricio"]
[WhiteFideId "1180967"]
[BlackFideId "4404572"]
[WhiteElo "1835"]
[BlackElo "2035"]
[Result "1-0"]
[Round "10"]
[TimeControl "180+2"]
[Date "2023.01.10"]
[WhiteClock "0:00:15"]
[BlackClock "0:00:48"]

1. e4 c6 2. d4 d5 3. Nc3 dxe4 4. Nxe4 Nf6 5. Nxf6+ exf6 6. Be3 Bd6 7. Qd2 O-O 8. Nf3 Re8 9. Be2 Bg4 10. h3 Bh5 11. O-O Bc7 12. c4 b6 13. Rfd1 Qd6 14. c5 bxc5 15. dxc5 Qe7 16. Rac1 Rd8 17. Qb4 Nd7 18. Qh4 Bxf3 19. Bxf3 Ne5 20. Be4 Ng6 21. Bxg6 hxg6 22. Qg4 Re8 23. Rd7 Qe5 24. g3 Ba5 25. Qc4 Rf8 26. b4 Bd8 27. Rcd1 a5 28. Bf4 Qb2 29. Bd6 Qxb4 30. Qxb4 axb4 31. Bxf8 Kxf8 32. Rxd8+ Rxd8 33. Rxd8+ Ke7 34. Rb8 Ke6 35. Rxb4 Kd5 36. Rb7 Kxc5 37. Rxf7 Kb4 38. Rxg7 c5 39. Rxg6 c4 40. Rxf6 Kc3 41. Rc6 Kd3 42. h4 c3 43. h5 c2 44. h6 Kd2 45. h7 c1=Q+ 46. Rxc1 Kxc1 47. h8=Q Kc2 48. a3 Kb3 49. a4 Kxa4 50. Qb8 Ka5 51. g4 Ka6 52. g5 Ka5 53. g6 Ka6 54. g7 Ka5 55. g8=Q Ka6 56. Qa2# 1-0


[Site "https://www.chess.com"]

[Event "Titled Tuesday Blitz January 10 Early 2023"]
[White "Herman, Daniel"]
[Black "Cella, Glaucio Dalla Cortt"]
[WhiteFideId "30935008"]
[BlackFideId "2119455"]
[WhiteElo "1956"]
[BlackElo "1894"]
[Result "0-1"]
[Round "10"]
[TimeControl "180+2"]
[Date "2023.01.10"]
[WhiteClock "0:02:02"]
[BlackClock "0:02:02"]

1. d4 Nf6 2. c4 e6 3. Nf3 Bb4+ 4. Bd2 Bxd2+ 5. Qxd2 d5 6. e3 c6 7. Nc3 Ne4 8. Nxe4 dxe4 9. Ng1 O-O 10. Ne2 b6 11. Nc3 f5 12. Be2 Bb7 13. O-O Qe7 14. f3 exf3 15. Bxf3 e5 16. dxe5 Nd7 17. Qd6 Rae8 18. Bxc6 Qxd6 0-1


[Site "https://www.chess.com"]

[Event "Titled Tuesday Blitz January 10 Early 2023"]
[White "Dubov, Daniil"]
[Black "Nakamura, Hikaru"]
[WhiteFideId "24126055"]
[BlackFideId "2016192"]
[WhiteElo "2708"]
[BlackElo "2775"]
[Result "1-0"]
[Round "11"]
[TimeControl "180+2"]
[Date "2023.01.10"]
[WhiteClock "0:00:09"]
[BlackClock "0:00:02"]

1. d4 e6 2. Nf3 Nf6 3. c4 Nc6 4. g3 g6 5. Bg2 Bg7 6. O-O O-O 7. Nc3 d5 8. Bg5 Ne7 9. Rc1 h6 10. Bxf6 Bxf6 11. e3 c6 12. Qe2 b6 13. cxd5 cxd5 14. Ne5 Bb7 15. Rc2 a6 16. Rfc1 Rc8 17. Nd3 Qd6 18. h4 h5 19. a3 Nf5 20. Nb4 Bxd4 21. exd4 Nxd4 22. Qd2 Nxc2 23. Nxc2 Rfd8 24. Rd1 Qe7 25. Qe3 Qc5 26. Nd4 Re8 27. f4 b5 28. Kh2 b4 29. axb4 Qxb4 30. Rd2 Qb6 31. Nce2 a5 32. Ng1 Rc4 33. Ngf3 Rb4 34. f5 e5 35. fxg6 Qxg6 36. Rf2 f6 37. Nc2 Rxb2 38. Qc3 Rb5 39. Na3 Rb4 40. Qc5 Rg4 41. Nb5 e4 42. Nd6 exf3 43. Bxf3 Rge4 44. Bxe4 dxe4 45. Nxe8 Qxe8 46. Rxf6 1-0


[Site "https://www.chess.com"]

[Event "Titled Tuesday Blitz January 10 Early 2023"]
[White "Bortnyk, Olexandr"]
[Black "Duda, Jan-Krzysztof"]
[WhiteFideId "14120828"]
[BlackFideId "1170546"]
[WhiteElo "2605"]
[BlackElo "2724"]
[Result "1/2-1/2"]
[Round "11"]
[TimeControl "180+2"]
[Date "2023.01.10"]
[WhiteClock "0:00:04"]
[BlackClock "0:00:04"]

1. e4 e5 2. Bc4 Nf6 3. d3 c6 4. Nf3 d5 5. Bb3 Bd6 6. Nc3 dxe4 7. Ng5 O-O 8. Ncxe4 Nxe4 9. Nxe4 Bf5 10. Qf3 Bxe4 11. dxe4 Nd7 12. c3 Nc5 13. Bc2 a5 14. Be3 a4 15. Rd1 Qe7 16. O-O Ne6 17. g3 b5 18. a3 Bc5 19. Bc1 Rad8 20. h4 Bb6 21. Kg2 Rxd1 22. Rxd1 Rd8 23. Rh1 c5 24. Be3 Qc7 25. h5 c4 26. Bc1 Rd6 27. h6 g6 28. Rd1 Qd8 29. Rxd6 Qxd6 30. Qg4 Kf8 31. Kf1 Ke7 32. Qf3 f6 33. Ke2 Kf7 34. Qg4 Qc5 35. Be3 Qc8 36. Qf3 Bxe3 37. Qxe3 Qc5 38. Qd2 Ke7 39. Kf1 Ng5 40. Kg2 Nf7 41. Kf1 Ke8 42. Kg2 Nd8 43. Bd1 Nf7 44. Bg4 Nd6 45. Be6 Ke7 46. Bd5 Qa7 47. Qe2 Kf8 48. Qg4 Qe7 49. Qf3 Ke8 50. Qe3 Qc7 51. Bg8 Kf8 52. Bd5 Ke7 53. Kg1 Ke8 54. Qf3 Qe7 55. Qg4 Qd7 56. Qxd7+ Kxd7 57. Bg8 Ke7 58. Bd5 Nf7 59. Bc6 Nd6 60. f4 exf4 61. gxf4 Ke6 62. Kf2 f5 63. Bd5+ Ke7 64. e5 Nf7 65. Bc6 Nxh6 66. Bxb5 g5 67. Kg3 g4 68. Bxc4 Nf7 69. Bxf7 Kxf7 70. c4 Ke6 71. Kh4 h6 72. Kg3 Ke7 73. c5 Kd7 74. Kh4 Ke6 75. c6 Ke7 76. Kg3 Ke6 77. Kh4 Ke7 78. Kg3 Ke6 79. Kh4 1/2-1/2


[Site "https://www.chess.com"]

[Event "Titled Tuesday Blitz January 10 Early 2023"]
[White "Sadhwani, Raunak"]
[Black "Sarana, Alexey"]
[WhiteFideId "35093487"]
[BlackFideId "24133795"]
[WhiteElo "2627"]
[BlackElo "2685"]
[Result "1-0"]
[Round "11"]
[TimeControl "180+2"]
[Date "2023.01.10"]
[WhiteClock "0:00:09"]
[BlackClock "0:00:05"]

1. d4 Nf6 2. Bf4 d5 3. e3 c5 4. dxc5 e6 5. b4 Bd7 6. Nd2 a5 7. c3 axb4 8. cxb4 b6 9. a4 bxc5 10. b5 c4 11. Ngf3 Bb4 12. Qc2 Bxb5 13. Be2 Ba6 14. O-O O-O 15. Rfb1 Ba5 16. Ne5 Nfd7 17. Ndf3 f6 18. Nxd7 Qxd7 19. h4 Nc6 20. h5 Nb4 21. Qc3 Nc6 22. Qc2 h6 23. Nh4 e5 24. Bg3 Rfd8 25. Rd1 Nb4 26. Qg6 Qf7 27. Qg4 Nd3 28. Nf5 Kh8 29. e4 d4 30. Bxd3 cxd3 31. f4 exf4 32. Bxf4 Re8 33. Nd6 Qe6 34. Qg6 Re7 35. Rac1 d2 36. Rc6 Be2 37. Rxd2 Bxd2 38. Bxd2 Qd7 39. Rb6 Re6 40. Nf7+ Qxf7 41. Qxf7 Rxb6 42. a5 Rba6 43. Qg6 Re6 44. Bxh6 gxh6 45. Qxh6+ Kg8 46. Qg6+ Kh8 47. Qh6+ Kg8 48. Qg6+ Kf8 49. h6 Re7 50. Qxf6+ Ke8 51. Qh8+ Kf7 52. Qxa8 d3 53. Qd5+ Kg6 54. Qd6+ Kf7 55. h7 Re8 56. Qd7+ Kf6 57. Qxe8 d2 58. h8=Q+ 1-0


[Site "https://www.chess.com"]

[Event "Titled Tuesday Blitz January 10 Early 2023"]
[White "Nepomniachtchi, Ian"]
[Black "Dominguez Perez, Leinier"]
[WhiteFideId "4168119"]
[BlackFideId "3503240"]
[WhiteElo "2794"]
[BlackElo "2739"]
[Result "1-0"]
[Round "11"]
[TimeControl "180+2"]
[Date "2023.01.10"]
[WhiteClock "0:01:36"]
[BlackClock "0:00:16"]

1. e4 Nf6 2. e5 Nd5 3. d4 d6 4. Nf3 dxe5 5. Nxe5 c6 6. Be2 Bf5 7. O-O Nd7 8. Nf3 e6 9. a3 Bd6 10. c4 Nf4 11. Bxf4 Bxf4 12. Nc3 O-O 13. h3 h6 14. Bd3 Bxd3 15. Qxd3 Nf6 16. Rad1 Qc7 17. Rfe1 Rad8 18. Qc2 a6 19. g3 Bd6 20. c5 Be7 21. Kg2 Nd5 22. Ne4 Nf6 23. Ned2 Rd5 24. Nc4 Rfd8 25. b4 Rf8 26. Ne3 Rdd8 27. Ne5 Nd5 28. N3c4 Bf6 29. Ng4 Be7 30. h4 Nf6 31. Nge5 Nd5 32. Rd3 Bf6 33. Ng4 Be7 34. Red1 Nf6 35. Nge5 Nd5 36. Rf3 Bf6 37. Ng4 Be7 38. Qc1 Kh7 39. Nce5 f5 40. Ne3 Bf6 41. N3c4 Ne7 42. Nd6 Rxd6 43. cxd6 Qxd6 44. Qc5 Rd8 45. Qxd6 Rxd6 46. Nc4 Rxd4 47. Rxd4 Bxd4 48. Rd3 c5 49. bxc5 Bxc5 50. Rd7 b5 51. Rc7 Bd4 52. Rxe7 bxc4 53. Rxe6 a5 54. Rc6 Bb2 55. a4 c3 56. h5 Kg8 57. Kf3 Kf7 58. Ke2 Ke7 59. Kd3 Ba3 60. Kxc3 Bb4+ 61. Kd3 Kf7 62. Ke3 Ke7 63. Kf4 Be1 64. Kxf5 Bxf2 65. g4 Kf7 66. Rc7+ Kf8 67. Kg6 Bd4 68. Rf7+ 1-0


[Site "https://www.chess.com"]

[Event "Titled Tuesday Blitz January 10 Early 2023"]
[White "Andreikin, Dmitry"]
[Black "Xu, Yi"]
[WhiteFideId "4158814"]
[BlackFideId "8605564"]
[WhiteElo "2729"]
[BlackElo "2527"]
[Result "1-0"]
[Round "11"]
[TimeControl "180+2"]
[Date "2023.01.10"]
[WhiteClock "0:00:50"]
[BlackClock "0:00:06"]

1. Nf3 d5 2. d4 Nf6 3. c4 e6 4. g3 Be7 5. Bg2 O-O 6. Nbd2 b6 7. O-O Bb7 8. cxd5 Nxd5 9. a3 c5 10. dxc5 Bxc5 11. b4 Nc3 12. Qe1 Be7 13. Bb2 Na4 14. Be5 Nc6 15. Bf4 Bf6 16. Rc1 Nc3 17. Bg5 Bxg5 18. Nxg5 Qxg5 19. Rxc3 Rfc8 20. Ne4 Qe7 21. Qa1 a5 22. b5 Na7 23. a4 Rxc3 24. Qxc3 Rc8 25. Qd4 Bxe4 26. Bxe4 Qc5 27. Qd7 Qc7 28. Rd1 g6 29. Bb7 Qxd7 30. Rxd7 Rc1+ 31. Kg2 Kg7 32. Rd8 Rc7 33. Ba6 Kf6 34. Rb8 Ke7 35. Rxb6 Nc8 36. Bxc8 Rxc8 37. Ra6 Rc4 38. Rxa5 Kd6 39. Ra7 f5 40. b6 Rb4 41. a5 1-0


[Site "https://www.chess.com"]

[Event "Titled Tuesday Blitz January 10 Early 2023"]
[White "Moroni, Luca Jr"]
[Black "Salem, A.R. Saleh"]
[WhiteFideId "865834"]
[BlackFideId "9301348"]
[WhiteElo "2535"]
[BlackElo "2677"]
[Result "0-1"]
[Round "11"]
[TimeControl "180+2"]
[Date "2023.01.10"]
[WhiteClock "0:00:02"]
[BlackClock "0:00:19"]

1. d4 Nf6 2. c4 e6 3. Nc3 c5 4. Nf3 cxd4 5. Nxd4 a6 6. g3 Qc7 7. Qd3 Nc6 8. Nxc6 Qxc6 9. f3 d5 10. cxd5 exd5 11. Bg2 Bc5 12. Be3 O-O 13. Bd4 Bf5 14. Qd2 b5 15. e3 b4 16. Ne2 Be7 17. Rc1 Qb5 18. b3 a5 19. O-O a4 20. Nf4 axb3 21. axb3 Ra3 22. g4 Be6 23. Rb1 Rfa8 24. Rfc1 Nd7 25. Bf1 Qb8 26. Nxe6 fxe6 27. f4 Nf6 28. g5 Ne4 29. Qc2 Qe8 30. Bd3 Qg6 31. Qg2 Qf5 32. Rc7 Bf8 33. h4 Ra2 34. Rc2 Rxc2 35. Bxc2 Ra2 36. Ra1 Rxa1+ 37. Bxa1 Bc5 38. Qf3 Nxg5 39. hxg5 Qxc2 40. Qh3 Qe4 41. Kf2 Kf7 42. Qh5+ Qg6 43. Qf3 Qc2+ 44. Kg3 Qc1 45. Qg4 Qg1+ 46. Kh3 Qh1+ 47. Kg3 Qxa1 48. Kf3 Qd1+ 0-1


[Site "https://www.chess.com"]

[Event "Titled Tuesday Blitz January 10 Early 2023"]
[White "Kravtsiv, Martyn"]
[Black "Chigaev, Maksim"]
[WhiteFideId "14113147"]
[BlackFideId "4108116"]
[WhiteElo "2598"]
[BlackElo "2628"]
[Result "0-1"]
[Round "11"]
[TimeControl "180+2"]
[Date "2023.01.10"]
[WhiteClock "0:00:02"]
[BlackClock "0:00:12"]

1. e4 c5 2. Nf3 e6 3. d4 cxd4 4. Nxd4 Nf6 5. Nc3 Nc6 6. Ndb5 Bb4 7. a3 Bxc3+ 8. Nxc3 d5 9. Bd3 dxe4 10. Nxe4 Nxe4 11. Bxe4 Qxd1+ 12. Kxd1 e5 13. Re1 f6 14. Be3 Be6 15. b3 O-O-O+ 16. Kc1 Bd5 17. Bf5+ Kc7 18. g3 g6 19. Bh3 Bf3 20. Kb2 h5 21. Bf1 h4 22. Bd3 g5 23. b4 hxg3 24. hxg3 Rh2 25. Be2 g4 26. Bxf3 gxf3 27. Rh1 Rdh8 28. Rxh2 Rxh2 29. Kc3 Kd6 30. Kd3 f5 31. c4 Ke6 32. Kc3 a6 33. Re1 e4 34. Rd1 Ne5 35. Rd2 Rh1 36. Rd8 Ng4 37. Bc5 Rc1+ 38. Kb3 b5 39. cxb5 axb5 40. a4 bxa4+ 41. Kxa4 Rc2 42. Kb3 Re2 43. b5 Nxf2 44. b6 Nd3 45. Rd6+ Kf7 46. Rd7+ Kg6 47. Rd6+ Kh5 48. Rxd3 exd3 49. b7 d2 50. Kc2 d1=Q+ 51. Kxd1 Rb2 52. Ke1 Kg4 53. Bd6 Rxb7 54. Kf2 Rb2+ 55. Kf1 Rd2 56. Be5 Rg2 57. Bf4 Rxg3 0-1


[Site "https://www.chess.com"]

[Event "Titled Tuesday Blitz January 10 Early 2023"]
[White "Tomashevsky, Evgeny"]
[Black "Svane, Frederik"]
[WhiteFideId "4147235"]
[BlackFideId "12923044"]
[WhiteElo "2694"]
[BlackElo "2600"]
[Result "1-0"]
[Round "11"]
[TimeControl "180+2"]
[Date "2023.01.10"]
[WhiteClock "0:00:32"]
[BlackClock "0:00:08"]

1. c4 e6 2. g3 d5 3. Bg2 d4 4. Nf3 Nc6 5. O-O Bc5 6. d3 Nf6 7. Nbd2 O-O 8. Nb3 Be7 9. e3 dxe3 10. Bxe3 Ng4 11. Bc5 Bxc5 12. Nxc5 b6 13. Nb3 Bb7 14. d4 Rb8 15. Qe2 Ne7 16. Rad1 Nf6 17. Rfe1 Qd6 18. d5 Ng6 19. dxe6 Qxe6 20. Qxe6 fxe6 21. Nfd4 Bxg2 22. Kxg2 e5 23. Nc6 Rbe8 24. Re2 a5 25. Rde1 Re6 26. Na7 Rd8 27. Nb5 Rc6 28. Rc2 e4 29. Nd2 Re8 30. b3 Kf8 31. Nc3 Rce6 32. Nd5 Nxd5 33. cxd5 R6e7 34. Nc4 Rd8 35. Ne3 Ne5 36. Nf5 Nd3 37. Ree2 Rf7 38. Nd4 Rxd5 39. Ne6+ Ke7 40. Nxc7 Re5 41. Rc6 Rf6 42. Rc4 Nc5 43. Nb5 Kf7 44. Nc3 Rfe6 45. Rd4 Kf6 46. Nd5+ Kf7 47. Ne3 Nd3 48. Nc4 Rc5 49. Nd6+ Kg6 50. Nxe4 Rce5 51. Rxd3 Rxe4 52. Rxe4 Rxe4 53. Rd6+ Kf7 54. Rxb6 Re2 55. a4 Rc2 56. h4 Rc3 57. Rb7+ Kf6 58. Rb6+ Kf7 59. Rb5 g6 60. h5 gxh5 61. Rxh5 Kg6 62. Rb5 h5 63. f4 Rd3 64. Kh3 Rc3 65. Rxa5 Rxb3 66. Kh4 Rb1 67. Ra6+ Kf5 68. Ra5+ Kg6 69. Rg5+ Kf6 70. Kxh5 Ra1 71. a5 Ra3 72. Kg4 Ra1 73. Rb5 Ra2 74. Rb6+ 1-0


[Site "https://www.chess.com"]

[Event "Titled Tuesday Blitz January 10 Early 2023"]
[White "Kosakowski, Jakub"]
[Black "Keymer, Vincent"]
[WhiteFideId "1185080"]
[BlackFideId "12940690"]
[WhiteElo "2485"]
[BlackElo "2700"]
[Result "0-1"]
[Round "11"]
[TimeControl "180+2"]
[Date "2023.01.10"]
[WhiteClock "0:00:18"]
[BlackClock "0:00:36"]

1. e4 c6 2. Nf3 d5 3. Nc3 dxe4 4. Nxe4 Nf6 5. Qe2 Nxe4 6. Qxe4 Nd7 7. Bc4 Nf6 8. Ne5 e6 9. Qe2 b5 10. Bd3 Qc7 11. a4 Bd6 12. Nxc6 b4 13. Nd4 a6 14. Nf5 Bb7 15. Nxd6+ Qxd6 16. O-O h5 17. Qe3 b3 18. cxb3 h4 19. Be2 h3 20. g3 Rc8 21. d4 Rc2 22. Bd2 O-O 23. Rac1 Rfc8 24. Bc4 Rxb2 25. f3 Rd8 26. Rf2 Qa3 27. Bb4 Qa2 28. Rxb2 Qxb2 29. Bc3 Qg2# 0-1


[Site "https://www.chess.com"]

[Event "Titled Tuesday Blitz January 10 Early 2023"]
[White "Baskakov, Egor"]
[Black "Anton Guijarro, David"]
[WhiteFideId "24197866"]
[BlackFideId "2285525"]
[WhiteElo "2215"]
[BlackElo "2690"]
[Result "1/2-1/2"]
[Round "11"]
[TimeControl "180+2"]
[Date "2023.01.10"]
[WhiteClock "0:00:06"]
[BlackClock "0:00:11"]

1. e4 e5 2. Nc3 Nc6 3. g3 Bc5 4. Bg2 a5 5. Nge2 d6 6. h3 Nf6 7. O-O a4 8. a3 O-O 9. d3 h6 10. Kh2 Be6 11. f4 Nd4 12. f5 Bd7 13. g4 c6 14. Ng3 Nh7 15. Nh5 Qh4 16. Ne2 g6 17. Nhg3 Nf6 18. Nxd4 Bxd4 19. c3 Bb6 20. Qf3 d5 21. Bd2 dxe4 22. Nxe4 Nxe4 23. dxe4 gxf5 24. exf5 Rad8 25. Rad1 Bc8 26. Be1 Qg5 27. Bg3 f6 28. Qe4 Qe3 29. Qxa4 Kg7 30. Qb4 Bc5 31. Qc4 b5 32. Qb3 h5 33. gxh5 Rxd1 34. Rxd1 Bxf5 35. Rf1 Kh8 36. Bf2 Qf4+ 37. Bg3 Qg5 38. c4 bxc4 39. Qxc4 Rg8 40. Qh4 Qe3 41. Qxf6+ Rg7 42. Qd8+ Kh7 43. Qh4 Bd3 44. Re1 Qd2 45. h6 Rg6 46. Rxe5 Bd6 47. Re7+ Bxe7 48. Qxe7+ Kxh6 49. Qh4+ Kg7 50. Qd4+ Kh7 51. Qh4+ Qh6 52. Qxh6+ Kxh6 53. b4 Re6 54. a4 Re2 55. Kg1 Be4 56. Bf1 Rb2 57. Bd6 Ra2 58. a5 Kg5 59. a6 Bd5 60. Bc5 Kf4 61. h4 Kf3 62. Bd4 Rd2 63. Bb6 Rd1 64. a7 Ra1 65. Ba5 Bc4 66. Kh2 Rxf1 67. a8=Q Bd5 68. Qf8+ Ke2 69. Qxf1+ Kxf1 70. Kg3 Ke2 71. h5 Ke3 72. h6 Be4 73. Kg4 Kd4 74. Bb6+ Ke5 75. Kg5 Ke6 76. Bc5 Bh7 77. Bd4 Kf7 78. Bg7 Ke6 79. Kf4 Kd5 80. Bf8 Ke6 81. Bc5 Kd5 82. Kg5 Ke6 83. Bf8 Kf7 84. Bc5 Ke6 1/2-1/2


[Site "https://www.chess.com"]

[Event "Titled Tuesday Blitz January 10 Early 2023"]
[White "Demchenko, Anton"]
[Black "Pranav, V"]
[WhiteFideId "4160258"]
[BlackFideId "25060783"]
[WhiteElo "2623"]
[BlackElo "2597"]
[Result "0-1"]
[Round "11"]
[TimeControl "180+2"]
[Date "2023.01.10"]
[WhiteClock "0:00:02"]
[BlackClock "0:00:48"]

1. e4 e5 2. Nf3 Nc6 3. Bc4 Nf6 4. d3 h6 5. Nc3 d6 6. a4 g6 7. h3 Bg7 8. Be3 Be6 9. Bxe6 fxe6 10. Qd2 Qe7 11. O-O-O a6 12. Rhe1 b5 13. Kb1 Kf7 14. d4 b4 15. Ne2 Nxe4 16. Qd3 d5 17. dxe5 b3 18. c3 Qe8 19. Nf4 Ne7 20. Nd2 Qxa4 21. Kc1 Rhd8 22. f3 Nxd2 23. Kxd2 c5 24. Ra1 Qc6 25. Ra5 d4 26. cxd4 cxd4 27. Bf2 Qb6 28. Ra4 Rac8 29. Rc1 Bxe5 30. Ne2 Rxc1 31. Kxc1 Rc8+ 32. Kd1 Qc6 33. Rxa6 Qc2+ 34. Qxc2 bxc2+ 35. Kd2 c1=Q+ 36. Nxc1 Bf4+ 37. Kd3 Rxc1 38. Bxd4 Rd1+ 39. Ke4 Bc7 40. g4 Nd5 41. Rc6 Re1+ 42. Kd3 Nb4+ 0-1


[Site "https://www.chess.com"]

[Event "Titled Tuesday Blitz January 10 Early 2023"]
[White "Samadov, Read"]
[Black "Svane, Rasmus"]
[WhiteFideId "13417444"]
[BlackFideId "4657101"]
[WhiteElo "2469"]
[BlackElo "2623"]
[Result "1/2-1/2"]
[Round "11"]
[TimeControl "180+2"]
[Date "2023.01.10"]
[WhiteClock "0:00:14"]
[BlackClock "0:00:06"]

1. d4 Nf6 2. c4 e6 3. Nf3 a6 4. Nc3 d5 5. cxd5 exd5 6. Bg5 Be6 7. e3 Nbd7 8. Bd3 Bd6 9. O-O c6 10. Bf4 Qc7 11. Bxd6 Qxd6 12. h3 O-O 13. Re1 g6 14. Rc1 Rfd8 15. a3 Qe7 16. Na4 Ne8 17. Nc5 Nxc5 18. dxc5 Ng7 19. Nd4 Qf6 20. Rc3 Rd7 21. Qe2 Re7 22. b4 Rae8 23. Qf3 Qxf3 24. Nxf3 Bf5 25. Bxf5 Nxf5 26. g4 Ng7 27. Nd4 Re4 28. Kf1 f5 29. f3 R4e5 30. a4 Ne6 31. Nxe6 R8xe6 32. gxf5 gxf5 33. Kf2 Kf7 34. Rb1 f4 35. e4 dxe4 36. fxe4 Rxe4 37. Kf3 Rd4 38. b5 Rxa4 39. bxc6 bxc6 40. Rb7+ Kg6 41. Rd3 Rc4 42. Rd6 Rxd6 43. cxd6 Rd4 44. d7 Kf5 45. Ra7 Ke5 46. Rxa6 Rd3+ 47. Ke2 Rxd7 48. Rxc6 Ke4 49. Rc4+ Rd4 50. Rc7 f3+ 51. Kf2 Rd2+ 52. Kf1 h5 53. Rh7 Rd1+ 54. Kf2 Rd2+ 55. Kf1 Rd5 56. Kf2 Rf5 57. Re7+ Kf4 58. Re3 Kg5 59. Rxf3 Rd5 60. Kg3 h4+ 61. Kg2 Rd2+ 62. Rf2 Rd3 63. Rf3 Rd2+ 64. Rf2 Rd1 65. Rf3 Rd4 66. Rf2 Rd3 67. Rf3 Rd2+ 1/2-1/2


[Site "https://www.chess.com"]

[Event "Titled Tuesday Blitz January 10 Early 2023"]
[White "Rakhmanov, Aleksandr"]
[Black "Jones, Gawain C B"]
[WhiteFideId "4173708"]
[BlackFideId "409561"]
[WhiteElo "2632"]
[BlackElo "2618"]
[Result "0-1"]
[Round "11"]
[TimeControl "180+2"]
[Date "2023.01.10"]
[WhiteClock "0:00:06"]
[BlackClock "0:00:34"]

1. Nf3 d6 2. d4 g6 3. e4 Nf6 4. Bd3 Nc6 5. h3 e5 6. dxe5 Nxe5 7. O-O Nxd3 8. Qxd3 Bg7 9. Nc3 O-O 10. Bg5 h6 11. Bh4 Re8 12. Rfe1 Be6 13. Rad1 Qc8 14. Nd4 Bd7 15. Qd2 Nh5 16. Nd5 g5 17. Bxg5 hxg5 18. Qxg5 Re5 19. Nf5 Bxf5 20. exf5 Rxd5 21. Rxd5 Nf6 22. Rd3 Nh7 23. Qh5 Nf6 24. Qg5 Nh7 25. Qf4 Be5 26. Rg3+ Kh8 27. Rxe5 dxe5 28. Qxe5+ f6 29. Qe7 Qf8 30. Qxc7 Rc8 31. Qxb7 Rxc2 32. Qxa7 Rxb2 33. a4 Ng5 34. Rg4 Qd6 35. Rh4+ Kg8 36. f4 Nf3+ 0-1


[Site "https://www.chess.com"]

[Event "Titled Tuesday Blitz January 10 Early 2023"]
[White "Zemlyanskii, Ivan"]
[Black "Deac, Bogdan-Daniel"]
[WhiteFideId "24249971"]
[BlackFideId "1226380"]
[WhiteElo "2300"]
[BlackElo "2700"]
[Result "1-0"]
[Round "11"]
[TimeControl "180+2"]
[Date "2023.01.10"]
[WhiteClock "0:00:09"]
[BlackClock "0:00:06"]

1. d4 Nf6 2. c4 e6 3. Nf3 Bb4+ 4. Bd2 a5 5. a3 Bxd2+ 6. Qxd2 b6 7. Nc3 Bb7 8. e3 d6 9. Bd3 Bxf3 10. gxf3 Nbd7 11. O-O-O c6 12. f4 Qe7 13. e4 Nh5 14. e5 d5 15. cxd5 cxd5 16. f5 Qh4 17. Rhg1 O-O 18. f6 g6 19. Ne2 Nhxf6 20. exf6 Nxf6 21. Qe3 Rac8+ 22. Kb1 Rc7 23. Nf4 Ng4 24. Qh3 Qxh3 25. Nxh3 Nf6 26. Nf4 Rfc8 27. f3 Kf8 28. h4 Ke7 29. Rc1 Kd6 30. Rxc7 Rxc7 31. Rc1 Rxc1+ 32. Kxc1 h6 33. Kd2 g5 34. hxg5 hxg5 35. Nh3 g4 36. fxg4 Nxg4 37. Ng5 f6 38. Nf3 e5 39. Nh4 exd4 40. Be2 Ne5 41. Nf5+ Kc5 42. Bd3 a4 43. Ng7 Nc4+ 44. Kc2 Ne3+ 45. Kd2 Kd6 46. Nf5+ Nxf5 47. Bxf5 b5 48. Kd3 Kc5 49. Bd7 b4 50. Bxa4 bxa3 51. bxa3 f5 52. Bd1 f4 53. Bf3 Kb5 54. Bd1 f3 55. Kc2 f2 56. Be2+ Kc5 57. Kb3 Kd6 58. a4 Ke5 59. a5 Ke4 60. Kc2 Ke3 61. Kd1 d3 62. Bf1 Kf3 63. a6 Kg3 64. a7 Kh2 65. a8=Q Kg1 66. Bxd3 1-0


[Site "https://www.chess.com"]